 Dungeon Crawl Stone Soup version 0.21-a0-2-ge494091 (webtiles) character file.

126 grindst0ne the Skirmisher (level 4, -5/42 HPs)
             Began as a Minotaur Berserker on May 22, 2017.
             Was a Believer of Trog.
             Slain by a gnoll
             ... wielding a +0 halberd
              (13 damage)
             ... on level 3 of the Dungeon.
             The game lasted 00:02:45 (1578 turns).

grindst0ne the Skirmisher (Minotaur Berserker)      Turns: 1578, Time: 00:02:46

Health: -5/42      AC:  7    Str: 22    XL:     4   Next: 84%
Magic:  3/3        EV: 10    Int:  4    God:    Trog [**....]
Gold:   97         SH:  0    Dex: 10    Spells: 3/3 levels left

rFire    . . .     SeeInvis .   a - +0 hand axe
rCold    . . .     Gourm    .   (no shield)
rNeg     . . .     Faith    .   q - +0 scale mail
rPois    .         Spirit   .   (helmet restricted)
rElec    .         Reflect  .   (no cloak)
rCorr    .         Harm     .   u - +0 pair of gloves
MR       .....                  (no boots)
Stlth    ..........             (no amulet)
Regen    0.2/turn               (no ring)
MPRegen  0.1/turn               (no ring)

@: no status effects
A: retaliatory headbutt, horns 2
a: Berserk, Trog's Hand, Burn Spellbooks, Renounce Religion


You were on level 3 of the Dungeon.
You worshipped Trog.
Trog was pleased with you.
You were not hungry.

You visited 1 branch of the dungeon, and saw 3 of its levels.

You collected 97 gold pieces.

Inventory:

Hand Weapons
 a - a +0 hand axe (weapon)
Armour
 b - a +0 animal skin
 l - a +0 ring mail
 o - a +2 helmet
 q - a +0 scale mail (worn)
 u - a +0 pair of gloves (worn)
Scrolls
 f - 2 scrolls of blinking {unknown}
 g - a scroll of enchant weapon {unknown}
 j - 4 scrolls of identify {unknown}
 k - 3 scrolls of teleportation {unknown}
 m - a scroll of immolation {unknown}
 r - a scroll of remove curse {unknown}
Potions
 e - a potion of agility {unknown}
 h - 4 potions of curing {unknown}
 i - a potion of might {unknown}
 n - a potion of brilliance {unknown}
 p - a potion of heal wounds {unknown}
 s - a potion of flight {unknown}
Comestibles
 c - 2 bread rations
 d - 5 chunks of flesh
 t - a meat ration


   Skills:
 + Level 5.6 Fighting
 + Level 5.2 Axes
 - Level 2.4 Armour
 - Level 2.1 Dodging


You had 3 spell levels left.
You didn't know any spells.

Dungeon Overview and Level Annotations

Branches:
Dungeon (3/15)

Altars:


Innate Abilities, Weirdness & Mutations

You reflexively headbutt those who attack you in melee.
You have a pair of horns on your head.


Message History

You barely miss the gnoll.
The gnoll is severely wounded.
The gnoll closely misses you. The gnoll hits you but does no damage.
You hit the gnoll.
You kill the gnoll!
Trog accepts your kill.
The gnoll hits you from afar with a halberd.
You see here a spear.
You hit the gnoll. Your headbutt misses the gnoll.
The gnoll is severely wounded.
The gnoll hits you with a halberd.
You barely miss the gnoll.
The gnoll is severely wounded.
The gnoll hits you with a halberd!
* * * LOW HITPOINT WARNING * * *
You hit the gnoll.
You headbutt the gnoll, but do no damage.
The gnoll is almost dead.
The gnoll hits you with a halberd!
You die...

#########
........#####
.......g@...#
........###.# .. #
...#.......#.#
....#.#.#######.##.#
.##.#.#............#
#.#......#######.####
......>#.###.....#
..##.#.#...#.#####
.................#


You could see a gnoll.

Vanquished Creatures
  2 gnolls (D:3)
  5 adders
  A worm (D:2)
  A dart slug (D:2)
  3 leopard geckos
  5 orcs (D:3)
  5 bats
  3 giant cockroaches
  3 goblins
  3 hobgoblins
  3 jackals (D:1)
  5 kobolds
  A quokka (D:2)
  4 frilled lizards
  6 rats
50 creatures vanquished.

Notes
Turn   | Place    | Note
-------+----------+-------------------------------------------
     0 | D:1      | grindst0ne the Minotaur Berserker began the quest for the Orb.
     0 | D:1      | Reached XP level 1. HP: 19/19 MP: 0/0
   138 | D:1      | Reached XP level 2. HP: 23/27 MP: 1/1
   780 | D:2      | Reached XP level 3. HP: 28/34 MP: 2/2
  1092 | D:2      | Reached ** piety under Trog
  1204 | D:2      | Reached skill level 5 in Fighting
  1332 | D:2      | Reached XP level 4. HP: 42/42 MP: 3/3
  1510 | D:3      | Reached skill level 5 in Axes
  1578 | D:3      | Slain by a gnoll

Vault maps used:
D:1:      dpeg_arrival_tiny_c, minmay_statues_item
D:2:      kennysheep_generic_room_14
D:3:      first_bread

Skill      XL: |  1  2  3  4 |
---------------+-------------+-----
Axes           | 4 5 |  5.2
Fighting       | 4 5 |  5.6
Armour         | |  2.4
Dodging        | |  2.1

Action                   |  1- 3 |  4- 6 || total
-------------------------+-------+-------++-------
Melee: Hand axe          |    55 |    33 ||    88
       Headbutt          |    12 |     7 ||    19
  Eat: Chunk             |     1 |     1 ||     2
Armor: Animal skin       |     5 |       ||     5
       Scale mail        |    12 |    16 ||    28
Dodge: Dodged            |    44 |    23 ||    67
